cohdb
Replays
Latest Replays
All Replays
Popular Replays
Top Player Replays
Match Explorer
How It Works
Community
CoH3 Stats
Reddit
Sign in to upload your games and track your stats! →
Sign in with Steam
Match 42755760
Unlisted
Match 42755760
Overview
Messages
Build Orders
End
Panzergrenadier Squad
Selects Panzerjäger Kommand Battlegroup
Selects Mine Fields
Panzerpioneer Squad
250 Light Carrier
Construct Light Support Kompanie
Combat Half-tracks
Selects GrB 39 Grenade Launcher Requisition
Assault Grenadier Squad
Construct Mechanized Kompanie
Support Armor Elements
Assault Mechanized Group
StuG III D Assault Gun
Emergency Repair Kits
Marder III Tank Destroyer
Selects Crew Shock Tactics
Marder III Tank Destroyer
Veteran Squad Leaders
Construct Panzerarmee Kommand
Vehicle Survival Package
Selects Anti-tank Overwatch
Crew Shock Tactics
Anti-tank Overwatch
Symbiosis
CAuMOH
Qhunter
[TGR] ImperialGuard
0
0
Comments
sign in to comment!
No comments posted yet!